 Dungeon Crawl Stone Soup version 0.18-a0-822-gb52b7b4 (webtiles) character file.

62 Hocus the Magician (level 3, -2/19 HPs)
             Began as a Deep Elf Wizard on Dec 16, 2015.
             Slain by an orc priest
             ... wielding a +0 trident
              (4 damage)
             ... on level 3 of the Dungeon.
             The game lasted 00:02:43 (1571 turns).

Hocus the Magician (Deep Elf Wizard)                Turns: 1571, Time: 00:02:43

Health: -2/19      AC:  4    Str:  4    XL:     3   Next: 85%
Magic:  5/10       EV: 12    Int: 23    God:
Gold:   103        SH:  0    Dex: 13    Spells: 2 memorised, 7 levels left

rFire  . . .     SeeInvis .     (no weapon)
rCold  . . .     Gourm    .     l - +2 robe {MR+}
rNeg   . . .     Faith    .     (no shield)
rPois  .         Spirit   .     b - +0 hat
rElec  .         Dismiss  .     (no cloak)
rCorr  .         Reflect  .     (no gloves)
SustAt .         Harm     .     (no boots)
MR     +....                    (no amulet)
Stlth  ++........               (no ring)
                                (no ring)

@: somewhat resistant to hostile enchantments, unstealthy
A: no striking features
a: no special abilities


You were on level 3 of the Dungeon.
You were hungry.

You visited 1 branch of the dungeon, and saw 3 of its levels.

You collected 103 gold pieces.

Inventory:

Armour
 a - a +0 robe
 b - a +0 hat (worn)
 l - a +2 robe of magic resistance (worn)
Scrolls
 e - a scroll of fear {unknown}
 f - 4 scrolls of identify {unknown}
 g - 3 scrolls of magic mapping {unknown}
 h - a scroll of teleportation {unknown}
 m - a scroll of remove curse {unknown}
Potions
 j - a potion of might {unknown}
 k - a potion of agility {unknown}
Books
 c - a book of Minor Magic

   Spells                             Type                      Level
   a - Magic Dart                     Conjuration                  1
   b - Blink                          Translocation                2
   c - Call Imp                       Summoning                    2
   d - Repel Missiles                 Charms/Air                   2
   e - Slow                           Hexes                        2
   f - Conjure Flame                  Conjuration/Fire             3
   g - Mephitic Cloud                 Conjuration/Poison/Air       3
Comestibles
 d - 3 bread rations
 i - a slice of pizza


   Skills:
 - Level 2.4 Dodging
 - Level 2.4 Stealth
 - Level 4.4 Spellcasting
 + Level 4.1 Conjurations
   Level 1.1 Summonings
 - Level 1.1 Translocations


You had 7 spell levels left.
You knew the following spells:

 Your Spells              Type           Power        Failure   Level  Hunger
a - Magic Dart            Conj           ###.         1%          1    None
b - Blink                 Tloc           N/A          12%         2    None


Dungeon Overview and Level Annotations

Branches:
Dungeon (3/15)

Altars:
Yredelemnul


Message History

Casting: Magic Dart
Confirm with . or Enter, or press ? or * to list all spells.
Aiming: Magic Dart
Press: ? - help, Shift-Dir - straight line, f/p - orc priest
Aim: an orc priest, wielding a trident and wearing a leather armour (heavily wounded)
The magic dart hits the orc priest.
The orc priest is severely wounded.
The orc priest calls down the wrath of Beogh upon you.
Something smites you!
Ouch! That really hurt!
* * * LOW HITPOINT WARNING * * *
Casting: Magic Dart
Confirm with . or Enter, or press ? or * to list all spells.
Aiming: Magic Dart
Press: ? - help, Shift-Dir - straight line, f/p - orc priest
Aim: an orc priest, wielding a trident and wearing a leather armour (severely wounded)
The magic dart hits the orc priest.
The orc priest is severely wounded.
The orc priest hits you from afar with a trident.
You die... oo..

. .#. .. ..#
.#.. ...#
#######...
#..###@........
#.#o.<#####...
#...### #....#
#...##.# ###.
..# # ..# #...
....


You could see an orc priest.

Vanquished Creatures
  Jessica (D:2)
  2 worms (D:2)
  A giant gecko (D:2)
  2 giant cockroaches
  3 goblins
  2 hobgoblins
  5 kobolds
  A ball python (D:1)
  4 bats
  A giant newt (D:1)
  6 jackals
  3 rats
31 creatures vanquished.

Notes
Turn   | Place    | Note
--------------------------------------------------------------
     0 | D:1      | Hocus the Deep Elf Wizard began the quest for the Orb.
     0 | D:1      | Reached XP level 1. HP: 10/10 MP: 7/7
   270 | D:1      | Reached XP level 2. HP: 15/15 MP: 2/9
   790 | D:2      | Learned a level 2 spell: Blink
   898 | D:2      | Reached XP level 3. HP: 19/19 MP: 1/10
  1022 | D:2      | Noticed Jessica
  1024 | D:2      | Killed Jessica
  1342 | D:2      | Found a basalt altar of Yredelemnul.
  1571 | D:3      | Slain by an orc priest

Vault maps used:
D:1:      minmay_arrival_plants_in_alcoves, minmay_misc_feat_hallway
D:2:      nicolae_overflow_crystal_walls, first_bread, minmay_parallelograms,
          uniq_jessica
D:3:      fedhas_altar_4, uniq_natasha

Action                   || total
-------------------------++-------
 Cast: Magic Dart        ||    91
  Eat: Chunk             ||     1
